 Dungeon Crawl Stone Soup version bcrawl-1.37.2 (webtiles) character file.

Game seed: 10187831767570266321

270959 Mehrunes the Cleaver (level 9, -3/54 HPs)
             Began as a Skeleton Necromancer on Oct 28, 2022.
             Was an Initiate of Kikubaaqudgha.
             Slain by a bullfrog (4 damage)
             ... on level 6 of the Dungeon.
             The game lasted 00:22:36 (7633 turns).

Mehrunes the Cleaver (Skeleton Necromancer)         Turns: 7633, Time: 00:22:37

Health: -3/54      AC:  3    Str: 14 (16) XL:     9   Next: 75%
Magic:  0/18       EV: 12    Int: 16      God:    Kikubaaqudgha [......]
Gold:   294        SH:  0    Dex:  8 (9)  Spells: 3/20 levels left

rFire    . . .     GDR:     26% w - +0 hand axe (elec)
rCold    + . .     SeeInvis .   (no shield)
rNeg     + + +     Gourm    .   m - +0 robe {RegenMP}
rPois    ∞         Faith    .   (no helmet)
rElec    +         Spirit   +   j - +0 cloak (curse)
rCorr    .         Reflect  .   (no gloves)
MR       +....                  (no boots)
Stlth    ++........             (no amulet)
HPRegen  0.19/turn              g - ring of poison resistance (curse)
MPRegen  0.32/turn              v - ring of insulation

@: about to teleport, very slightly contaminated
A: no food or potions, cold resistance 1, deterioration 1, negative energy
resistance 3, powered by death 1, torment resistance, unbreathing, magic shield,
sturdy frame 1, spell healing
a: Renounce Religion


You were on level 6 of the Dungeon.
You worshipped Kikubaaqudgha.
Kikubaaqudgha was noncommittal.
You were not hungry.

You visited 2 branches of the dungeon, and saw 8 of its levels.

You collected 294 gold pieces.

Inventory:

Hand Weapons
 a - a +0 dagger of pain
 e - a +0 whip of freezing
 p - a +0 war axe
 w - a +0 hand axe of electrocution (weapon)
Missiles
 r - 201 poisoned tomahawks (quivered)
Armour
 b - a +0 robe
 d - a +0 buckler
 j - a cursed +0 cloak (worn)
 k - a +0 cloak
 m - a +0 robe of magic recovery (worn)
 q - a +0 chain mail
Jewellery
 g - a cursed ring of poison resistance (left hand)
 v - a ring of insulation (right hand)
Wands
 u - a wand of iceblast (9)
Scrolls
 c - 3 scrolls of teleportation
 f - 5 scrolls of magic mapping
 h - 2 scrolls of immolation {unknown}
 i - a scroll of identify
 l - a scroll of amnesia {unknown}
 n - a scroll of enchant armour {unknown}
 o - 3 scrolls of remove curse {unknown}
 s - a scroll of fear {unknown}
 t - a scroll of fog {unknown}


   Skills:
 - Level 5.4 Fighting
 - Level 4.0 Short Blades
 + Level 9.0 Axes
 + Level 6.7 Armour
 - Level 2.0 Dodging
 - Level 2.4 Stealth
 - Level 6.0 Spellcasting
 - Level 8.0 Necromancy


You had 3 spell levels left.
You knew the following spells:

 Your Spells              Type           Power        Failure   Level  Hunger
a - Necrotize             Necr           ####..       1%          1    N/A
b - Vampiric Draining     Necr           ####......   1%          3    N/A
c - Agony                 Necr           ####....     4%          4    N/A
d - Dispel Undead         Necr           ####....     14%         5    N/A
e - Animate Dead          Necr           N/A          4%          4    N/A

Your spell library contained the following spells:

 Spells                   Type           Power        Failure   Level  Hunger
 Apportation              Tloc           #.....       14%         1    N/A
 Corona                   Hex            #......      14%         1    N/A
 Infusion                 Chrm           #.......     14%         1    N/A
 Sandblast                Erth           #.....       14%         1    N/A
 Slow                     Hex            #.......     14%         1    N/A
 Summon Butterflies       Summ           #.......     14%         1    N/A

Dungeon Overview and Level Annotations

Branches:
Dungeon (7/12)             Temple (1/1) D:6            Lair (0/6) D:7

Altars:
Ashenzari
Cheibriados
Dithmenos
Gozag
Hepliaklqana
Kikubaaqudgha
Lugonu
Makhleb
Nemelex Xobeh
Okawaru
Sif Muna
Trog
Uskayaw
Vehumet
Xom
Yredelemnul

Annotations:
D:6 3 runed translucent doors, exclusion: zombie, Grinder; Mrkan's ghost, novice TrHu


Innate Abilities, Weirdness & Mutations

You do not eat or drink.
You are immune to poison.
Your flesh is cold resistant. (rC+)
Your body sometimes deteriorates upon taking damage.
You are immune to negative energy. (rN+++)
You regenerate a little health from kills.
You are immune to unholy pain and torment.
You can survive without breathing.
When hurt, damage is shared between your health and your magic reserves.
Your movements are slightly less encumbered by armour. (ER -2)
Casting spells heals you.


Message History

The centaur shouts!
The bullfrog misses you.
The centaur shoots an arrow.
The arrow hits you!
The orc priest mumbles some strange prayers to Beogh against you.
Beogh smites you!
* * * LOW HITPOINT WARNING * * *
Your body deteriorates!
You feel clumsy.
The orc priest mumbles some strange prayers to Beogh against you.
Beogh smites you!
* * * LOW HITPOINT WARNING * * *
A rune on the stairs sparks and fizzles.
You climb upwards.
Level annotation: 3 runed translucent doors, exclusion: zombie, Grinder; Mrkan's ghost, novice TrHu
There is a stone staircase leading down here.
The bullfrog hits you.
* * * LOW HITPOINT WARNING * * *
The bullfrog closely misses you.
As you read the scroll of teleportation, it crumbles to dust.
You feel strangely unstable. The bullfrog hits you.
You die...
Kikubaaqudgha rasps: "You have failed me!
Welcome... oblivion!"

#####.##.###.#.######.# ######
...............# #.######.....
###............######.#.......###
#.#.#............##.#..#.......
#.#.##.####..###.##.#.###...###
#.#.##.####..###.#.....#....###
#.#.##.#......)..........##....
#>#.##.#.#...#####...#...##.##.
##.#.##.#.#.#o>@...........#.##!
#.............F#####.##....#.##.
#..####.....##.# #.###.#.#.#..
#..# #.......#.# ###.###.#.#.#..
#..# #...#####.# #..............
#..# #..###.##.# #.#............
#).# ##.#♣._##.# #.####.##.#.#..
#..# #..'...8#.# #.# #.##.#<#..
#..# #..#♣._##.# #.# #.##...#..


You could see a bullfrog and an orc priest.

Vanquished Creatures
  A two-headed ogre (D:5)
  A hippogriff (D:6)
  2 yaks
  A porcupine (D:7)
  2 sky beasts
  2 ice beasts (D:6)
  2 orc warriors
  4 ogres
  2 kobold brigands
  A bullfrog (D:7)
  A centaur (D:5)
  2 scorpions
  3 crimson imps
  A bullfrog skeleton (D:4)
  4 hounds
  5 orc wizards
  2 iguanas (D:4)
  4 worker ants
  A hound zombie (D:5)
  A hound skeleton (D:5)
  9 adders
  A shadow imp (D:5)
  An ooze (D:2)
  An adder zombie (D:5)
  2 worms
  2 dart slugs
  3 leopard geckos
  19 orcs
  6 bats
  7 giant cockroaches
  4 goblins
  8 hobgoblins
  8 jackals
  17 kobolds
  2 quokkas
  A ball python (D:1)
  3 frilled lizards (D:3)
  7 rats
143 creatures vanquished.

Vanquished Creatures (collateral kills)
  A porcupine (D:7)
  A centaur (D:4)
  An ooze (D:2)
  An adder zombie (D:7)
  A worm (D:1)
  An orc (D:5)
  A kobold (D:1)
  2 bats (D:1)
9 creatures vanquished.

Vanquished Creatures (others)
  A bush (D:7)
  3 fungi (D:7)
  19 plants (D:7)
23 creatures vanquished.

Grand Total: 175 creatures vanquished

Notes
Turn   | Place    | Note
-------+----------+-------------------------------------------
     0 | D:1      | Mehrunes the Skeleton Necromancer began the quest for the
                  | Orb.
     0 | D:1      | Reached XP level 1. HP: 10/10 MP: 4/4
   198 | D:1      | Reached XP level 2. HP: 15/15 MP: 3/6
   641 | D:1      | Reached skill level 5 in Necromancy
   641 | D:1      | Reached XP level 3. HP: 18/19 MP: 3/8
  1391 | D:2      | Found a glowing golden altar of the Shining One.
  1628 | D:2      | Learned a level 3 spell: Vampiric Draining
  2166 | D:3      | Reached XP level 4. HP: 24/24 MP: 8/10
  2422 | D:3      | Reached skill level 5 in Spellcasting
  2456 | D:3      | Reached XP level 5. HP: 28/28 MP: 7/12
  2615 | D:3      | Found a blossoming altar of Fedhas.
  2732 | D:3      | Found a hazy altar of Hepliaklqana.
  3021 | D:4      | Learned a level 4 spell: Agony
  3027 | D:4      | Learned a level 5 spell: Dispel Undead
  3127 | D:4      | Gained mutation: You regenerate a little health from kills.
                  | [Skeleton growth]
  3127 | D:4      | Reached XP level 6. HP: 32/32 MP: 1/15
  3277 | D:4      | Noticed a sky beast
  3295 | D:4      | Killed a sky beast
  3453 | D:4      | Reached XP level 7. HP: 20/37 MP: 3/16
  3523 | D:4      | Reached skill level 1 in Short Blades
  3682 | D:4      | Reached skill level 1 in Fighting
  3845 | D:4      | Learned a level 4 spell: Animate Dead
  4295 | D:5      | Entered Level 5 of the Dungeon
  4741 | D:5      | Noticed a two-headed ogre
  5064 | D:5      | Killed a two-headed ogre
  5065 | D:5      | Reached skill level 5 in Fighting
  5065 | D:5      | Reached skill level 4 in Axes
  5065 | D:5      | Reached XP level 8. HP: 48/50 MP: 2/17
  5222 | D:5      | Reached skill level 5 in Axes
  5222 | D:5      | Reached skill level 1 in Armour
  5935 | D:5      | Reached skill level 6 in Axes
  6002 | D:6      | Reached XP level 9. HP: 54/54 MP: 1/18
  6056 | D:6      | Found a basalt altar of Yredelemnul.
  6056 | D:6      | Found a shattered altar of Ashenzari.
  6210 | D:6      | Noticed Mrkan's ghost (novice TrHu)
  6223 | D:6      | Noticed Grinder
  6282 | D:6      | Reached skill level 7 in Axes
  6397 | D:6      | Found a staircase to the Ecumenical Temple.
  6437 | Temple   | Entered the Ecumenical Temple
  6538 | Temple   | Became a worshipper of Kikubaaqudgha
  6951 | D:6      | Found a runed translucent gate.
  6951 | D:6      | Found a runed translucent gate.
  6954 | D:6      | Found a runed translucent gate.
  7008 | D:6      | Reached skill level 5 in Armour
  7178 | D:7      | Found an ancient bone altar of Kikubaaqudgha.
  7313 | D:7      | Reached skill level 8 in Axes
  7394 | D:7      | Found a staircase to the Lair.
  7626 | D:7      | Reached skill level 9 in Axes
  7632 | D:6      | HP: 1/54 [bullfrog (3)]
  7633 | D:6      | Slain by a bullfrog

Skill      XL: |  1  2  3  4  5  6  7  8  9 |
---------------+----------------------------+-----
Spellcasting   | 4 5 6 |  6.0
Necromancy     | 5 6 8 |  8.0
Short Blades   | 4 |  4.0
Fighting       | 5 |  5.4
Axes           | 4 6 9 |  9.0
Armour         | 3 6 |  6.7
Dodging        | |  2.0
Stealth        | |  2.4

Action                   |  1- 3 |  4- 6 |  7- 9 || total
-------------------------+-------+-------+-------++-------
Melee: Whip              |    11 |    35 |    66 ||   112
       Dagger            |       |       |    45 ||    45
       War axe           |       |       |     6 ||     6
       Hand axe          |       |       |    25 ||    25
 Cast: Necrotize         |    79 |    50 |    92 ||   221
       Vampiric Draining |       |    12 |    35 ||    47
       Agony             |       |     4 |    31 ||    35
       Dispel Undead     |       |       |     3 ||     3
  Use: Scroll            |       |       |     3 ||     3
 Stab: Sleeping          |       |       |     2 ||     2
Armor: Robe              |     6 |    10 |    37 ||    53
Dodge: Dodged            |    19 |    27 |   115 ||   161
